 Dungeon Crawl Stone Soup version 0.31-b1-22-gc680215f68 (webtiles) character file.

Game seed: 13835623435597553307

95 Destinykillz the Shield-Bearer (level 4, -1/40 HPs)
             Began as a Hill Orc Fighter on Jan 18, 2024.
             Incinerated by a bombardier beetle (3 damage)
             ... with a burning spray
             ... on level 3 of the Dungeon.
             The game lasted 00:03:06 (2207 turns).

Destinykillz the Shield-Bearer (Hill Orc Fighter)   Turns: 2207, Time: 00:03:07

Health: -1/40      AC:  9    Str: 20    XL:     4   Next: 65%
Magic:  4/4        EV:  9    Int:  8    God:
Gold:   122        SH:  4    Dex: 10    Spells: 3/3 levels left

rFire   . . .        f - +2 dagger (elec)
rCold   . . .        c - +0 buckler
rNeg    . . .        b - +0 scale mail
rPois   .            o - +1 helmet
rElec   .            (no cloak)
rCorr   .            (no gloves)
SInv    .            (no boots)
Will    .....        (no amulet) Stlth
                     (no ring)
HPRegen 0.26/turn    (no ring)
MPRegen 0.09/turn

%: no passive effects
@: on fire, glowing
A: no striking features
a: no special abilities


You were on level 3 of the Dungeon.
You visited 1 branch of the dungeon, and saw 3 of its levels.

You collected 122 gold pieces.

Inventory:

Hand Weapons
 a - a +0 war axe
 f - a +2 dagger of electrocution (weapon)
Missiles
 j - 5 poisoned darts (quivered)
 k - 4 darts of dispersal
Armour
 b - a +0 scale mail (worn)
 c - a +0 buckler (worn)
 m - a +0 helmet
 o - a +1 helmet (worn)
Jewellery
 p - a ring of fire
Wands
 n - a wand of digging (3)
Scrolls
 e - a scroll of enchant armour {unknown}
 g - a scroll of identify {unknown}
 h - a scroll of fog {unknown}
 i - a scroll of noise {unknown}
 l - a scroll of teleportation {unknown}
Potions
 d - a potion of might
 q - a potion of attraction {unknown}
 r - a potion of degeneration {unknown}


   Skills:
 + Level 4.2 Fighting
 + Level 3.6 Axes
 + Level 3.9 Armour
 * Level 4.5 Shields


You had 3 spell levels left.
You didn't know any spells.
Your spell library contained the following spells:

 Spells                   Type           Power      Damage    Failure   Level
 Lesser Beckoning         Tloc           0%         N/A       92%         2
 Gell's Gravitas          Tloc           0%         N/A       99%         3
 Teleport Other           Tloc           0%         N/A       99%         3


Dungeon Overview and Level Annotations

Branches:
Dungeon (3/15)

Altars:
Nemelex Xobeh
Wu Jian
Xom


Message History

The liquid fire burns you!
The bombardier beetle barely misses you.
You hit the bombardier beetle but do no damage.
The liquid fire burns you!
You hit the bombardier beetle but do no damage.
The liquid fire burns you! The bombardier beetle bites you.
You hit the bombardier beetle.
Lightning courses through the bombardier beetle!
The bombardier beetle is severely wounded.
The liquid fire burns you! The orc barely misses you.
The bombardier beetle sprays incendiary fluid at you.
The burning spray misses you.
You shake off some of the fire as you move.
The liquid fire burns you! You block the orc's attack.
You barely miss the bombardier beetle.
The bombardier beetle is severely wounded.
The liquid fire burns you! The orc hits you with a +0 mace.
* * * LOW HITPOINT WARNING * * *
The bombardier beetle sprays incendiary fluid at you.
The burning spray hits you.
You are even more covered in liquid fire!
You block the orc's attack.
You hit the bombardier beetle but do no damage.
Lightning courses through the bombardier beetle!
You kill the bombardier beetle!
The liquid fire burns you!
* * * LOW HITPOINT WARNING * * *
The orc hits you with a +0 mace.
* * * LOW HITPOINT WARNING * * *
You hit the orc. Lightning courses through the orc!
You kill the orc!
The liquid fire burns you!
* * * LOW HITPOINT WARNING * * *
You shake off some of the fire as you move.
The liquid fire burns you!
You die...

#. .. #.# #.###.# #.#
...... ##'## #...#
##...## ###...###
##.....##
#.......###.......##
#.......##.........##
#........'.........'.
###.@)####.........##
#...# ##.......##
##†## ##.....## #.#
##...## #.# ##'## #.#
#.# #.# #.### #.#
##...#### #.#
##........


There were no monsters in sight!

Vanquished Creatures
  A bombardier beetle (D:3)
  An adder (D:3)
  2 ribbon worms
  A dart slug (D:2)
  An orc (D:3)
  3 endoplasms
  A giant cockroach (D:3)
  4 hobgoblins
  4 quokkas
  7 ball pythons
  5 bats
  A frilled lizard (D:3)
  4 goblins
  4 kobolds
  2 rats
41 creatures vanquished.

Notes
Turn   | Place    | Note
-------+----------+-------------------------------------------
     0 | D:1      | Destinykillz the Hill Orc Fighter began the quest for the
                  | Orb.
     0 | D:1      | Reached XP level 1. HP: 19/19 MP: 1/1
   294 | D:1      | Reached XP level 2. HP: 27/27 MP: 2/2
   951 | D:2      | Reached XP level 3. HP: 33/33 MP: 3/3
  1476 | D:3      | Found a shimmering altar of Xom.
  1646 | D:3      | Identified the +0 mace of Anger {distort, Int+4}
  1830 | D:3      | Found an ornate altar of the Wu Jian Council.
  1943 | D:3      | Found a sparkling altar of Nemelex Xobeh.
  2058 | D:3      | Reached XP level 4. HP: 37/40 MP: 4/4
  2206 | D:3      | HP: 1/40 [burnt (2)]
  2207 | D:3      | Incinerated by a bombardier beetle

Illustrated notes

Levels and vault maps discovered:
D:1:      ebering_trefoil_3fold, layout_basic
D:2:      layout_basic
D:3:      layout_loops_corners, nicolae_wu_jian_glorious_leap,
          overflow_temple_1_default, lemuel_doored_altar, grunt_ministairs_13,
          minmay_misc_feat_four_crosses

Skill      XL: |  1  2  3 |
---------------+----------+-----
Axes           | 3 |  3.6
Fighting       | 4 |  4.2
Shields        | 4 |  4.5
Armour         | |  3.9

Action                     |  1- 3 |  4- 6 || total
---------------------------+-------+-------++-------
  Melee: War axe           |    14 |       ||    14
         Dagger            |   107 |     9 ||   116
 Armour: Scale mail        |    70 |     3 ||    73
  Dodge: Dodged            |    51 |     4 ||    55
  Block: Buckler           |    26 |     3 ||    29
